 Dungeon Crawl Stone Soup version 0.26-a0-54-g15ccc7ae60 (webtiles) character file.

Game seed: 3980701801087020733

357 Ozzies the Chopper (level 6, 0/57 HPs)
             Began as a Minotaur Fighter on June 7, 2020.
             Slain by an orc
             ... wielding a +0 hand axe
              (2 damage)
             ... on level 5 of the Dungeon.
             The game lasted 00:30:55 (2963 turns).

Ozzies the Chopper (Minotaur Fighter)               Turns: 2963, Time: 00:30:57

Health: 0/57       AC:  7    Str: 22    XL:     6   Next: 36%
Magic:  5/5        EV:  7    Int:  5    God:
Gold:   149        SH:  9    Dex: 10    Spells: 5/5 levels left

rFire    . . .     SeeInvis .   k - -2 short sword (curse)
rCold    . . .     Gourm    .   c - +0 kite shield
rNeg     . . .     Faith    .   b - +0 scale mail
rPois    .         Spirit   .   (helmet restricted)
rElec    .         Reflect  .   (no cloak)
rCorr    .         Harm     .   (no gloves)
MR       .....                  (no boots)
Stlth    ..........             (no amulet)
HPRegen  0.19/turn              (no ring)
MPRegen  0.09/turn              (no ring)

@: mighty, brilliant, lethally poisoned (0 -> -13), hasted, very quick
A: retaliatory headbutt, horns 2
a: no special abilities


You were on level 5 of the Dungeon.
You were not hungry.

You visited 1 branch of the dungeon, and saw 6 of its levels.

You collected 149 gold pieces.

Inventory:

Hand Weapons
 a - a +0 war axe
 k - a cursed -2 short sword (weapon)
Armour
 b - a +0 scale mail (worn)
 c - a +0 kite shield (worn)
Jewellery
 i - a +4 ring of evasion
Wands
 m - a wand of iceblast (9)
Scrolls
 e - 6 scrolls of identify
Potions
 h - a potion of stabbing
Comestibles
 f - 7 rations
 l - 3 chunks of flesh


   Skills:
 + Level 5.7 Fighting
 * Level 6.5 Axes
 - Level 4.0 Armour
 - Level 4.0 Shields


You had 5 spell levels left.
You didn't know any spells.
Your spell library was empty.

Dungeon Overview and Level Annotations

Branches:
Dungeon (6/15)
 Temple: D:4-7

Altars:
Kikubaaqudgha


Innate Abilities, Weirdness & Mutations

You reflexively headbutt those who attack you in melee.
You have a pair of horns on your head.


Message History

* * * LOW HITPOINT WARNING * * *
The orc hits you but does no damage. The orc completely misses you.
You furiously retaliate!
You headbutt the orc!
You kill the orc!
You hit the orc.
The orc is heavily wounded.
* * * LOW HITPOINT WARNING * * *
You feel sick. You block the orc's attack.
The orc priest calls upon Beogh to heal the orc.
The orc's wounds heal themselves!
You closely miss the orc.
* * * LOW HITPOINT WARNING * * *
You feel sick. You block the orc's attack.
You hit the orc.
The orc is lightly wounded.
* * * LOW HITPOINT WARNING * * *
You feel sick. You block the orc's attack.
The orc priest calls upon Beogh to heal the orc.
The orc's wounds heal themselves!
The orc hits you with a +0 hand axe.
You die...

....... #
...... # #.
#....#
#.##.##....####
............(.#
........o.....+
.......)).....#
.......o@o....#
###############


You could see an orc priest and 2 orcs.

Vanquished Creatures
  A phantom (D:4)
  A scorpion (D:5)
  2 worker ants
  Robin (D:3)
  6 adders
  An ooze (D:3)
  3 dart slugs
  5 leopard geckos
  7 orcs
  2 giant cockroaches
  16 goblins
  9 hobgoblins
  9 jackals
  11 kobolds
  A ball python (D:2)
  9 bats
  A frilled lizard (D:3)
  6 rats
91 creatures vanquished.

Notes
Turn   | Place    | Note
-------+----------+-------------------------------------------
     0 | D:1      | Ozzies the Minotaur Fighter began the quest for the Orb.
     0 | D:1      | Reached XP level 1. HP: 19/19 MP: 0/0
    91 | D:1      | Reached XP level 2. HP: 26/27 MP: 1/1
   388 | D:1      | Reached skill level 3 in Axes
   550 | D:2      | Reached XP level 3. HP: 26/33 MP: 2/2
   959 | D:2      | Found an ancient bone altar of Kikubaaqudgha.
  1471 | D:3      | Reached skill level 4 in Axes
  1482 | D:3      | Reached XP level 4. HP: 25/41 MP: 3/3
  1643 | D:3      | Noticed Robin
  1693 | D:3      | Killed Robin
  2008 | D:3      | Reached XP level 5. HP: 25/47 MP: 4/4
  2382 | D:3      | Reached skill level 5 in Axes
  2482 | D:3      | Reached skill level 5 in Fighting
  2760 | D:4      | Noticed a phantom
  2800 | D:4      | Killed a phantom
  2800 | D:4      | Reached skill level 6 in Axes
  2818 | D:4      | Reached XP level 6. HP: 38/56 MP: 5/5
  2935 | D:4      | You fall into a shaft and drop 2 floors!
  2943 | D:6      | Noticed an orc warrior
  2944 | D:5      | Entered Level 5 of the Dungeon
  2963 | D:5      | HP: 2/57 [poisoned by a scorpion]
  2963 | D:5      | Slain by an orc

Illustrated notes

Levels and vault maps discovered:
D:1:      dpeg_arrival_windows_large_door, layout_basic
D:2:      layout_loops_ring, lemuel_crystal_altar, first_ration,
          kennysheep_boxes
D:3:      layout_basic, uniq_robin
D:4:      layout_basic, hex_intersection, minmay_goblin_kobold_house,
          uniq_crazy_yiuf_cottage, uniq_edmund
D:5:      layout_gridville, grunt_temple_overflow_order_and_chaos_1,
          nicolae_overflow_hidden_temple
D:6:      layout_basic, grunt_qazlal_clouds

Skill      XL: |  1  2  3  4  5 |
---------------+----------------+-----
Armour         | 4 |  4.0
Fighting       | 4 5 |  5.7
Shields        | 4 |  4.0
Axes           | 3 4 6 |  6.5

Action                   |  1- 3 |  4- 6 || total
-------------------------+-------+-------++-------
Melee: War axe           |    65 |       ||    65
       Headbutt          |    18 |    28 ||    46
       Short sword       |    50 |   170 ||   220
  Use: Scroll            |     3 |     1 ||     4
       Potion            |       |     3 ||     3
  Eat: Chunk             |     2 |     4 ||     6
       Ration            |       |     1 ||     1
Armor: Scale mail        |    64 |   101 ||   165
Dodge: Dodged            |    44 |    64 ||   108
Block: Kite shield       |    70 |   102 ||   172

Table legend:
 A = Non-vault XP
 B = Vault XP
 C = Vault XP percentage of total XP
 D = Non-vault monster count
 E = Vault monster count
 F = Vault count percentage of total count
                 A         B        C        D         E       F
            +---------+---------+-------+---------+---------+-------
      Total |     473 |      37 |   7.3 |      79 |      12 |  13.2
            +---------+---------+-------+---------+---------+-------
        D:1 |      36 |       0 |   0.0 |      20 |       0 |   0.0
        D:2 |      41 |       0 |   0.0 |      14 |       0 |   0.0
        D:3 |     126 |      37 |  22.7 |      35 |      12 |  25.5
        D:4 |     165 |       0 |   0.0 |       6 |       0 |   0.0
        D:5 |     105 |       0 |   0.0 |       4 |       0 |   0.0
            +---------+---------+-------+---------+---------+-------
